 Dungeon Crawl Stone Soup version 0.28-a0-1038-g9c4cb8273d (webtiles) character file.

Game seed: 13597182266275999273

2325 vineage the Warrior (level 9, -1/107 HPs)
             Began as a Minotaur Fighter on Dec 8, 2021.
             Was an Initiate of Okawaru.
             Killed by divine providence
             ... invoked by an orc priest
              (11 damage)
             ... on level 7 of the Dungeon.
             The game lasted 00:07:52 (6120 turns).

vineage the Warrior (Minotaur Fighter)              Turns: 6120, Time: 00:07:52

Health: -1/107     AC:  7    Str: 21    XL:     9   Next: 19%
Magic:  8/8        EV:  9    Int: 13    God:    Okawaru [......]
Gold:   271        SH:  6    Dex: 14    Spells: 8/8 levels left

rFire   . . .      SeeInvis .   g - +1 morningstar of the Final Decision {freeze, *Rage Fragile rPois Int+8}
rCold   . . .      Faith    .   c - +1 buckler
rNeg    . . .      Spirit   .   b - +0 scale mail
rPois   +          Reflect  .   (helmet restricted)
rElec   .          Harm     .   (no cloak)
rCorr   .          Rampage  .   (no gloves)
Will    .....      Rage     20% (no boots)
Stlth   ..........              (no amulet)
HPRegen 0.27/turn               (no ring)
MPRegen 0.11/turn               (no ring)

@: on berserk cooldown, slowed, studying Short Blades, very slow
A: horns 2, retaliatory headbutt
a: Renounce Religion


You were on level 7 of the Dungeon.
You worshipped Okawaru.
Okawaru was noncommittal.
You visited 2 branches of the dungeon, and saw 8 of its levels.

You collected 271 gold pieces.

Inventory:

Hand Weapons
 a - a +0 flail
 g - the +1 morningstar of the Final Decision (weapon) {freeze, *Rage Fragile rPois Int+8}
   (You acquired it on level 2 of the Dungeon)

   It freezes those it strikes, dealing additional cold damage.
   It can also slow down cold-blooded creatures.
   Int:       It affects your intelligence (+8).
   rPois:     It protects you from poison.
   *Rage:     It berserks you when you make melee attacks (+20% chance).
   Fragile:   It will be destroyed if unequipped.
Armour
 b - a +0 scale mail (worn)
 c - a +1 buckler (worn)
Wands
 i - a wand of digging (5)
Scrolls
 e - 4 scrolls of blinking
 l - 2 scrolls of amnesia
 n - a scroll of enchant armour
 q - a scroll of fear
 r - 2 scrolls of identify
 s - a scroll of teleportation
 t - a scroll of vulnerability {unknown}
Potions
 d - a potion of might
 f - a potion of heal wounds
 h - 3 potions of lignification
 j - 2 potions of curing
 k - a potion of magic
 m - 2 potions of cancellation {unknown}
 o - a potion of attraction {unknown}
 p - a potion of brilliance {unknown}


   Skills:
 - Level 19.6 Fighting
 + Level 4.9 Maces & Flails
 + Level 5.6 Armour
 + Level 5.6 Shields


You had 8 spell levels left.
You didn't know any spells.
Your spell library contained the following spells:

 Spells                   Type           Power      Damage    Failure   Level
 Foxfire                  Conj/Fire      0%         2x1d4     61%         1
 Magic Dart               Conj           0%         1d3       61%         1
 Scorch                   Fire           0%         2d5       75%         2
 Sublimation of Blood     Necr           0%         N/A       75%         2
 Wereblood                Tmut           0%         N/A       75%         2
 Flame Wave               Conj/Fire      0%         2d4       100%        4
 Summon Cactus Giant      Summ           Unusable   N/A       N/A         6
 Summon Hydra             Summ           Unusable   N/A       N/A         7

Dungeon Overview and Level Annotations

Branches:
Dungeon (7/15)             Temple (1/1) D:6

Altars:
Ashenzari
Gozag
Makhleb
Okawaru
Qazlal
Ru
Sif Muna
Trog
Xom

Shops:
D:5 :


Innate Abilities, Weirdness & Mutations

You have a pair of horns on your head.
You reflexively headbutt those who attack you in melee.


Message History

The orc warrior hits you with a +0 scimitar!!
* * * LOW HITPOINT WARNING * * *
You puncture the orc warrior! You freeze the orc warrior.
The orc warrior is almost dead.
The orc priest begins to cast a cantrip, but forgets the words!
The orc warrior hits you with a +0 scimitar.
* * * LOW HITPOINT WARNING * * *
The orc priest invokes the aid of Beogh against you.
Beogh smites you!
* * * LOW HITPOINT WARNING * * *
You feel much better.
The orc warrior hits you but does no damage.
The orc priest casts a cantrip, but nothing happens.
The orc warrior hits you but does no damage.
You sock the orc warrior! You freeze the orc warrior.
You kill the orc warrior!
Okawaru accepts your kill.
You hit something. You freeze something. Your headbutt misses something.
Something hits you but does no damage.
The orc priest hits you from afar with a +0 trident.
* * * LOW HITPOINT WARNING * * *
Something hits you but does no damage. The orc priest barely misses you.
You closely miss something. Something hits you.
* * * LOW HITPOINT WARNING * * *
The orc priest hits you from afar with a +0 trident.
* * * LOW HITPOINT WARNING * * *
Something hits you but does no damage. The orc priest misses you.
You miss something. Something hits you.
* * * LOW HITPOINT WARNING * * *
The orc priest barely misses you. Something hits you but does no damage.
You hit something but do no damage. You block the orc priest's attack.
Something hits you.
* * * LOW HITPOINT WARNING * * *
The orc priest hits you from afar with a +0 trident.
* * * LOW HITPOINT WARNING * * *
Something hits you but does no damage.
You miss something. You headbutt something.
The orc priest invokes the aid of Beogh against you.
Beogh smites you!
You die...

..... .....o#### #o.....# #.#
#..#'#)# #.#.# .#.#.#
#.#.#..#.#.## ##########
#.#.#..#.#oo# #........#
#.#.#.##(##)# #........#
#.#.#.#.. #@# #.####''####
#.#...#._.#.# #.#≈≈§§.≈≈≈#
######.#...#...#.###.#≈...†..≈#
.......#.#.##.##.....#≈)≈≈§..≈#
##..........#.#......#≈.≈..≈§≈#
....#######.#.#......#≈.≈..≈.§#
##).........#.#......#§..≈≈≈.§#
#..........#'#......#§§.§§..≈#
#<..................#≈§§§§§§≈#


You could see an orc priest and an orc.

Vanquished Creatures
  Grinder (D:3)
  A wyvern (D:4)
  A steam dragon (D:4)
  2 orc warriors
  An ice beast (D:6)
  A necrophage (D:5)
  A centaur (D:7)
  3 scorpions
  4 killer bees (D:5)
  A jelly (D:6)
  A bullfrog zombie (D:6)
  2 hounds (D:4)
  4 iguanas
  Jessica (D:2)
  6 orc wizards
  Natasha (thrice) (D:3)
  A scorpion zombie (D:5)
  Robin (D:3)
  3 gnolls (D:2)
  4 adders
  An ufetubus (D:5)
  An adder skeleton (D:4)
  4 worms
  4 dart slugs
  13 orcs
  10 ball pythons
  10 bats
  9 endoplasms
  2 giant cockroaches
  17 goblins
  12 hobgoblins
  4 quokkas
  A frilled lizard (D:1)
  8 kobolds
  5 rats
143 creatures vanquished.

Notes
Turn   | Place    | Note
-------+----------+-------------------------------------------
     0 | D:1      | vineage the Minotaur Fighter began the quest for the Orb.
     0 | D:1      | Reached XP level 1. HP: 19/19 MP: 0/0
    28 | D:1      | Reached skill level 4 in Fighting
    71 | D:1      | Reached XP level 2. HP: 28/28 MP: 1/1
   364 | D:1      | Reached skill level 5 in Fighting
   483 | D:1      | Reached XP level 3. HP: 36/36 MP: 2/2
   728 | D:2      | Noticed Jessica
   735 | D:2      | Killed Jessica
   752 | D:2      | Reached skill level 6 in Fighting
   752 | D:2      | Reached XP level 4. HP: 8/44 MP: 3/3
  1608 | D:2      | You fall into a shaft and drop 2 floors!
  1740 | D:4      | Noticed a wyvern
  1749 | D:4      | Killed a wyvern
  1750 | D:4      | Reached skill level 8 in Fighting
  1750 | D:4      | Reached XP level 5. HP: 28/53 MP: 4/4
  1942 | D:4      | Reached XP level 6. HP: 53/61 MP: 5/5
  2728 | D:2      | Identified 2 scrolls of acquirement
  2728 | D:2      | Acquired the +1 morningstar of the Final Decision {freeze,
                  | *Rage Fragile rPois Int+8}
  2734 | D:2      | Acquired a manual of Fighting
  2745 | D:2      | Reached skill level 19 in Fighting
  2745 | D:2      | Reached XP level 7. HP: 92/92 MP: 6/6
  2906 | D:3      | Found a faded altar of an unknown god.
  3018 | D:3      | Noticed Grinder
  3019 | D:3      | Paralysed by Grinder for 2 turns
  3040 | D:3      | Killed Grinder
  3321 | D:3      | Noticed Robin
  3341 | D:3      | Killed Robin
  3589 | D:3      | Found a sacrificial altar of Ru.
  3593 | D:3      | Noticed Natasha
  3595 | D:3      | Killed Natasha
  3639 | D:3      | Noticed Natasha
  3643 | D:3      | Killed Natasha
  3722 | D:3      | Noticed Natasha
  3728 | D:3      | Killed Natasha
  3754 | D:3      | Found an opulent altar of Gozag.
  3754 | D:3      | Found a shimmering altar of Xom.
  3790 | D:4      | Noticed a steam dragon
  3794 | D:4      | Reached XP level 8. HP: 97/101 MP: 7/7
  4092 | D:4      | Found a bloodstained altar of Trog.
  4304 | D:4      | Found a shimmering blue altar of Sif Muna.
  4308 | D:4      | Got Sif Muna's Disquisition on Arcane Weapons
  4479 | D:5      | Entered Level 5 of the Dungeon
  4798 | D:5      | Reached skill level 5 in Shields
  4860 | D:5      | Found Ucho's Book Shoppe.
  4868 | D:5      | Reached skill level 5 in Armour
  5247 | D:6      | Found a broken altar of Ashenzari.
  5491 | D:6      | Reached XP level 9. HP: 107/107 MP: 8/8
  5674 | D:6      | Found a staircase to the Ecumenical Temple.
  5702 | Temple   | Entered the Ecumenical Temple
  5780 | Temple   | Became a worshipper of Warmaster Okawaru
  6032 | D:7      | Found a stormy altar of Qazlal.
  6113 | D:7      | HP: 4/107 [orc priest/divine providence (10)]
  6120 | D:7      | Killed from afar by an orc priest

Illustrated notes

Levels and vault maps discovered:
D:1:      minmay_arrival_nine_rooms, layout_basic, minmay_pentomino_t4
D:2:      layout_loops_ring, serial_co_window_serial, co_window_corner_a,
          co_window_of_opportunity_a, co_window_paths_a, co_window_corner_a,
          co_window_corner_a, co_window_paths_a, co_window_cross_4,
          co_window_2corner, co_window_of_opportunity_c, co_window_2corner,
          co_window_of_opportunity_c, co_window_broadway_a,
          co_window_unsneaky_path_d, glass_columns_c, glass_columns_a,
          glass_columns_b, glass_columns_b, uniq_jessica
D:3:      layout_loops_ring, nicolae_ru_sacrificial_ziggurat,
          gammafunk_temple_overflow_elements, ebering_ecumenical_altar_mist,
          uniq_robin, uniq_natasha, uniq_grinder
D:4:      layout_basic, nzn_overflow_gifts_of_might_and_magic,
          minmay_manual_mess
D:5:      layout_basic, serial_shops, shop
D:6:      layout_basic, lemuel_crystal_altar, temple_doors_cd,
          minmay_misc_feat_plants, chequers_serial_rivers_small_a
D:7:      layout_basic, mainiacjoe_overflow_surrounded_room, serial_shops,
          kennysheep_mini_moat, kennysheep_generic_room_7, uniq_prince_ribbit1
Temple:   nicolae_temple_figure_eight

Skill      XL: |  1  2  3  4  5  6  7  8 |
---------------+-------------------------+-----
Fighting       | 4 5 6 8 19 | 19.6
Armour         | 4 5 |  5.6
Shields        | 4 5 |  5.6
Maces & Flails | 3 4 |  4.9

Action                   |  1- 3 |  4- 6 |  7- 9 || total
-------------------------+-------+-------+-------++-------
Melee: Flail             |    65 |    77 |       ||   142
       Headbutt          |    11 |    15 |    28 ||    54
       Morningstar       |       |       |   154 ||   154
  Use: Potion            |       |     2 |     2 ||     4
       Scroll            |       |    10 |     5 ||    15
Armor: Scale mail        |    37 |    20 |    75 ||   132
Dodge: Dodged            |    41 |    18 |    78 ||   137
Block: Buckler           |    16 |    26 |    44 ||    86

Table legend: (Time is in decaauts)
 A = Elapsed time spent in this place.
 B = Non-inter-level travel time spent in this place.
 C = Inter-level travel time spent in this place.
 D = Time resting spent in this place.
 E = Time spent auto-exploring this place.
 F = Levels seen in this place.
 G = Mean time per level.
                   A        B        C        D        E       F      G
               +--------+--------+--------+--------+--------+-----+--------+
         Total |   6372 |   6227 |    145 |    102 |   5141 |   8 |  796.5 |
       Dungeon |   6277 |   6152 |    125 |    102 |   5067 |   7 |  896.7 |
        Temple |     95 |     75 |     20 |      0 |     74 |   1 |   95.0 |
               +--------+--------+--------+--------+--------+-----+--------+

Top non-repeatable levels by time:
     D:2: 1621 daAuts
     D:4: 1231 daAuts
     D:3: 1101 daAuts
     D:5: 792 daAuts
     D:6: 717 daAuts
     D:1: 672 daAuts
     D:7: 141 daAuts
  Temple: 95 daAuts
